 Dungeon Crawl Stone Soup version 0.21-a0-517-gd76cfe0 (webtiles) character file.

106 Firecrotchwizard the Changer (level 4, 0/32 HPs)
             Began as a Merfolk Transmuter on Dec 4, 2017.
             Succumbed to an adder's poison
             ... on level 3 of the Dungeon.
             The game lasted 00:06:26 (2663 turns).

Firecrotchwizard the Changer (Merfolk Transmuter)   Turns: 2663, Time: 00:06:26

Health: 0/32       AC:  2    Str: 10    XL:     4   Next: 84%
Magic:  3/7        EV: 13    Int: 12    God:
Gold:   76         SH:  0    Dex: 15    Spells: 4/7 levels left

rFire    . . .     SeeInvis .     - Unarmed
rCold    . . .     Gourm    .   (no shield)
rNeg     . . .     Faith    .   b - +0 robe
rPois    .         Spirit   .   (no helmet)
rElec    .         Reflect  .   (no cloak)
rCorr    .         Harm     .   (no gloves)
MR       .....                  (no boots)
Stlth    +.........             (no amulet)
HPRegen  0.10/turn              (no ring)
MPRegen  0.10/turn              (no ring)

@: lethally poisoned (0 -> -3)
A: change form in water, swift swim, stealthy swim
a: no special abilities


You were on level 3 of the Dungeon.
You were not hungry.

You visited 1 branch of the dungeon, and saw 4 of its levels.

You collected 76 gold pieces.

Inventory:

Missiles
 a - 28 arrows
Armour
 b - a +0 robe (worn)
 i - a +0 helmet
   (You found it on level 1 of the Dungeon)
 l - a +0 chain mail of fire resistance
   (You found it on level 2 of the Dungeon)
Scrolls
 g - 5 scrolls of identify {unknown}
 n - a scroll of remove curse {unknown}
 o - a scroll of teleportation {unknown}
Potions
 e - a potion of resistance {unknown}
 f - a potion of magic {unknown}
 h - a potion of flight {unknown}
 j - a potion of lignification {unknown}
 k - a potion of mutation {unknown}
Books
 c - a book of Changes
Comestibles
 d - a bread ration {@e1}


   Skills:
 - Level 1.1 Fighting
 - Level 2.6 Dodging
 + Level 4.8 Unarmed Combat
 - Level 2.0 Spellcasting
 + Level 4.9 Transmutations


You had 4 spell levels left.
You knew the following spells:

 Your Spells              Type           Power        Failure   Level  Hunger
a - Beastly Appendage     Tmut           ##....       3%          1    ##.....
s - Sticks to Snakes      Tmut           ##......     5%          2    ###....


Dungeon Overview and Level Annotations

Branches:
Dungeon (4/15)
 Temple: D:4-7

Altars:
The Shining One

Annotations:
D:2 Sigmund


Message History

You closely miss the gnoll. You hit the gnoll.
You kill the gnoll!
You see here a flail.
There isn't anything to butcher here.
You start resting.
Your transformation is almost over.
You start resting.
Your horns disappear.
MP restored: 7 You start resting.
You are feeling very hungry.
You regained 15 hp, and now have 26/32 hp.
You start resting.
Health restored: 32 You eat one of the 2 bread rations {@e1}.
That bread ration really hit the spot!
Things that are here:
11 stones; an uncursed club; an uncursed hunting sling You see here a stone.
You see here a stone.
A kobold comes into view. It is wielding a club.
The kobold shouts!
The kobold moves out of view.
A goblin comes into view. It is wielding a dagger.
A goblin is nearby!
The kobold throws a stone.
The stone closely misses you.
An adder comes into view.
You grow a pair of large bovine horns.
The adder hisses angrily.
The kobold throws a stone.
The stone hits you but does no damage.
You now have 6/7 mp.
You create a snake!
You now have 29 arrows.
A giant cockroach comes into view.
You now have 4/7 mp.
The kobold barely misses you. The adder bites your ball python.
Your ball python barely misses the adder.
Your ball python completely misses the adder.
You miss the kobold. The adder bites your ball python.
Your ball python dies!
The kobold completely misses you.
The gnoll shouts!
You hit the adder but do no damage. The kobold hits you but does no damage.
The adder bites you.
You take 3 damage, and have 29/32 hp.
Casting: Sticks to Snakes You create a snake!
You now have 28 arrows.
The kobold hits you with a club. The adder barely misses you.
You take 3 damage, and have 26/32 hp.
You now have 2/7 mp.
You barely miss the adder.
Your transformation is almost over.
The adder bites you.
You are poisoned.
The adder poisons you! The goblin barely misses you.
The kobold barely misses you.
You take 3 damage, and have 23/32 hp.
You feel sick.
Your ball python bites the adder.
Your ball python misses the adder.
You see here a stone.
You hit the adder. The adder barely misses you.
The goblin barely misses your ball python.
Your ball python barely misses the adder.
Your ball python grabs the adder.
Your ball python constricts the adder.
The giant cockroach bites your ball python.
The adder misses you.
You barely miss the adder. You headbutt the adder.
You feel sick.
Your ball python bites the adder.
Your ball python constricts the adder.
The goblin hits your ball python with a dagger.
The giant cockroach bites your ball python.
The adder completely misses you.
You take 1 damage, and have 22/32 hp.
You punch the adder!
You kill the adder!
You hit the giant cockroach.
Your ball python barely misses the giant cockroach.
Your ball python closely misses the giant cockroach.
The giant cockroach misses you.
The goblin closely misses your ball python.
You hit the giant cockroach.
You kill the giant cockroach!
The goblin hits your ball python with a dagger.
Your ball python dies!
You feel sick.
You take 1 damage, and have 21/32 hp.
You closely miss the gnoll. The gnoll barely misses you.
The goblin completely misses you.
You hit the gnoll. You headbutt the gnoll! The gnoll hits you with a spear!
The goblin closely misses you.
You take 10 damage, and have 11/32 hp.
MASSIVE DAMAGE!!
You closely miss the gnoll.
Your horns disappear.
The gnoll hits you with a spear!
* * * LOW HITPOINT WARNING * * *
The goblin hits you with a dagger.
* * * LOW HITPOINT WARNING * * *
You take 10 damage, and have 1/32 hp.
MASSIVE DAMAGE!!
You closely miss the gnoll.
You die...

....###.
#...#.........##...(.##.
..... #.
#...#.###.....####.####.
......
#..>....'........(......
.......
.#.......#........#######
....$....#####..(.#
...............#(##
..........####.#.#
......Kgg.# #.#.########
..####'#@.# #.#.........
.g.#### #.......####
..... '.......# .......
#.......# .......
#.......# ######.
#.......# #. #.......#
#.......# #.......#


You could see a gnoll, a goblin and a kobold.

Vanquished Creatures
  2 gnolls
  2 adders (D:3)
  3 worms (D:2)
  3 dart slugs
  2 leopard geckos
  4 giant cockroaches
  10 goblins
  4 hobgoblins
  A ball python (D:1)
  6 bats
  A frilled lizard (D:2)
  4 kobolds
  6 rats
48 creatures vanquished.

Vanquished Creatures (collateral kills)
  An adder (D:2)
  A goblin (D:2)
  A quokka (D:2)
3 creatures vanquished.

Grand Total: 51 creatures vanquished

Notes
Turn   | Place    | Note
-------+----------+-------------------------------------------
     0 | D:1      | Firecrotchwizard the Merfolk Transmuter began the quest for the Orb.
     0 | D:1      | Reached XP level 1. HP: 15/15 MP: 3/3
   167 | D:1      | Reached skill level 3 in Transmutations
   189 | D:1      | Reached XP level 2. HP: 17/21 MP: 3/5
   408 | D:1      | Learned a level 2 spell: Sticks to Snakes
   900 | D:2      | Reached skill level 4 in Unarmed Combat
   900 | D:2      | Reached XP level 3. HP: 26/26 MP: 3/6
  1022 | D:2      | Reached skill level 4 in Transmutations
  1545 | D:2      | Found a faded altar of an unknown god.
  1682 | D:2      | Reached XP level 4. HP: 25/32 MP: 5/7
  1896 | D:2      | Noticed Sigmund
  1954 | D:3      | Found a glowing golden altar of the Shining One.
  2662 | D:3      | HP: 3/32 [gnoll/spear (8)]
  2662 | D:3      | HP: 1/32 [goblin/dagger (2)]
  2663 | D:3      | Succumbed to an adder's poison

Vault maps used:
D:1:      dpeg_arrival_renting, dk_noncrumbling_2
D:2:      minitemple, chequers_ecumenical_altar_island, minmay_misc_feat_iff,
          uniq_sigmund
D:3:      old_standard_altar, vehumet_crystals, first_bread
D:4:      temple_green, uniq_grinder

Skill      XL: |  1  2  3 |
---------------+----------+-----
Transmutations | 3 4 |  4.9
Unarmed Combat | 4 |  4.8
Fighting       | |  1.1
Dodging        | |  2.6
Spellcasting   | |  2.0

Action                   |  1- 3 |  4- 6 || total
-------------------------+-------+-------++-------
Melee: Unarmed           |   119 |    41 ||   160
       Headbutt          |    15 |     6 ||    21
       Punch             |     1 |       ||     1
 Cast: Beastly Appendage |    21 |    10 ||    31
       Sticks to Snakes  |     1 |     2 ||     3
 Stab: Sleeping          |     2 |       ||     2
  Eat: Chunk             |     3 |     2 ||     5
       Bread ration      |       |     1 ||     1
Armor: Robe              |    19 |     6 ||    25
Dodge: Dodged            |    78 |    27 ||   105

Table legend:
 A = Spawn XP
 B = Non-spawn XP
 C = Spawn XP percentage of total XP
 D = Spawn monster count
 E = Non-spawn monster count
 F = Spawn count percentage of total count
 G = Total turns spent on level
                    A         B        C        D         E        F      G
               +---------+---------+-------+---------+---------+-------+---------
         Total |       0 |     152 |   0.0 |       0 |      51 |   0.0 |  2663
               +---------+---------+-------+---------+---------+-------+---------
           D:1 |       0 |      32 |   0.0 |       0 |      18 |   0.0 |   887
           D:2 |       0 |      53 |   0.0 |       0 |      22 |   0.0 |  1043
           D:3 |       0 |      51 |   0.0 |       0 |       9 |   0.0 |   592
           D:4 |       0 |      16 |   0.0 |       0 |       2 |   0.0 |   141
               +---------+---------+-------+---------+---------+-------+---------

Vault maps used:
D:1:      dpeg_arrival_renting, dk_noncrumbling_2
D:2:      minitemple, chequers_ecumenical_altar_island, minmay_misc_feat_iff,
          uniq_sigmund
D:3:      old_standard_altar, vehumet_crystals, first_bread
D:4:      temple_green, uniq_grinder

Table legend:
 A = Turns spent in this place as a percentage of turns spent in the entire game.
 B = Non-inter-level travel turns spent in this place as a percentage of non-inter-level travel turns spent in the entire game.
 C = Inter-level travel turns spent in this place as a percentage of turns spent in this place.
 D = Turns resting spent in this place as a percentage of non-inter-level travel turns spent in this place.
 E = Turns spent auto-exploring this place as a percentage of non-inter-level travel turns spent in this place.
 F = Non-inter-level travel turns spent in this place divided by the number of levels of this place that you've seen.
                   A       B       C       D       E      F
               +-------+-------+-------+-------+-------+----------------------
         Total | 100.0 | 100.0 |   1.0 |  44.3 |  37.2 | 659.0
       Dungeon | 100.0 | 100.0 |   1.0 |  44.3 |  37.2 | 659.0
               +-------+-------+-------+-------+-------+----------------------

Table legend:
 A = Kills in this place as a percentage of kills in entire the game.
 B = Kills by you in this place as a percentage of kills by you in the entire game.
 C = Kills by friends in this place as a percentage of kills by friends in the entire game.
 D = Other kills in this place as a percentage of other kills in the entire game.
 E = Experience gained in this place as a percentage of experience gained in the entire game.
 F = Experience gained in this place divided by the number of levels of this place that you have seen.
                   A       B       C       D       E      F
               +-------+-------+-------+-------+-------+----------------------
         Total | 100.0 | 100.0 | 100.0 |   N/A | 100.0 |  38.0
       Dungeon | 100.0 | 100.0 | 100.0 |   N/A | 100.0 |  38.0
               +-------+-------+-------+-------+-------+----------------------
